 Dungeon Crawl Stone Soup version 0.28-a0-1190-g77e1c55843 (webtiles) character file.

Game seed: 15878907689507019426

844 fragbeetle the Changer (level 8, -5/60 HPs)
             Began as a Merfolk Transmuter on Dec 19, 2021.
             Killed by divine providence
             ... invoked by an orc priest
              (8 damage)
             ... on level 5 of the Dungeon.
             The game lasted 00:12:21 (5202 turns).

fragbeetle the Changer (Merfolk Transmuter)         Turns: 5202, Time: 00:12:21

Health: -5/60      AC: -1    Str: 12    XL:     8   Next: 0%
Magic:  9/11       EV: 12    Int: 12    God:
Gold:   179        SH:  0    Dex: 15    Spells: 3/11 levels left

rFire   + . .      SeeInvis .     - Unarmed
rCold   . . .      Faith    .   (no shield)
rNeg    . . .      Spirit   .   a - +0 robe
rPois   .          Reflect  .   (no helmet)
rElec   .          Harm     .   (no cloak)
rCorr   .          Rampage  .   f - +0 pair of gloves
Will    .....                   (no boots)
Stlth   +.........              (no amulet)
HPRegen 0.20/turn               b - +4 ring of protection
MPRegen 0.12/turn               q - ring of protection from fire

@: corroded
A: (nimble swimmer 2), mertail
a: no special abilities


You were on level 5 of the Dungeon.
You visited 1 branch of the dungeon, and saw 5 of its levels.

You collected 179 gold pieces.

Inventory:

Hand Weapons
 v - a +0 hand crossbow
Missiles
 i - 100 stones
 k - 39 sling bullets
 w - 23 bolts
 y - a boomerang
Armour
 a - a +0 robe (worn)
 f - a +0 pair of gloves (worn)
Jewellery
 b - a +4 ring of protection (left hand)
 q - a ring of protection from fire (right hand)
 B - a ring of ice
Scrolls
 c - a scroll of immolation
 d - a scroll of fog {unknown}
 e - a scroll of summoning {unknown}
 h - 4 scrolls of identify {unknown}
 j - 2 scrolls of fear {unknown}
 l - a scroll of teleportation {unknown}
 n - 2 scrolls of holy word {unknown}
 o - a scroll of noise {unknown}
 p - a scroll of magic mapping {unknown}
 s - a scroll of enchant armour {unknown}
 t - a scroll of blinking {unknown}
 A - a scroll of enchant weapon {unknown}
Potions
 g - a potion of brilliance {unknown}
 m - a potion of magic {unknown}
 r - 3 potions of lignification {unknown}
 u - a potion of attraction {unknown}
 x - a potion of curing {unknown}
 z - a potion of heal wounds {unknown}


   Skills:
 + Level 3.9 Fighting
 - Level 2.6 Dodging
 + Level 6.1 Unarmed Combat
 - Level 2.0 Spellcasting
 + Level 6.7 Transmutations
 + Level 4.4 Poison Magic


You had 3 spell levels left.
You knew the following spells:

 Your Spells              Type           Power      Damage    Failure   Level
a - Beastly Appendage     Tmut           34%        N/A       1%          1
b - Spider Form           Tmut/Pois      14%        N/A       9%          3
c - Ice Form              Ice/Tmut       9%         N/A       56%         4

Your spell library contained the following spells:

 Spells                   Type           Power      Damage    Failure   Level
 Wereblood                Tmut           17%        N/A       2%          2
 Dazzling Flash           Conj/Hex       2%         N/A       63%         3
 Inner Flame              Hex/Fire       1%         N/A       63%         3
 Cause Fear               Hex            0%         N/A       95%         4
 Iskenderun's Mystic Bla  Conj/Tloc      1%         2d3       95%         4
 Starburst                Conj/Fire      0%         6d3       100%        6
 Discord                  Hex            0%         N/A       100%        8


Dungeon Overview and Level Annotations

Branches:
Dungeon (5/15)
 Temple: D:4-7

Altars:
Cheibriados
Ru
Sif Muna
Trog
Wu Jian
Xom

Shops:
D:1 (

Annotations:
D:5 Dowan, Duvessa


Innate Abilities, Weirdness & Mutations

((You are quick and stealthy near water. (Stealth+, EV+, Speed+++)))
Your lower body shifts to a powerful aquatic tail in water.


Message History

Duvessa hits you with a +0 rapier!
You hit Duvessa.
Duvessa looks as sick as possible!
Duvessa is moderately wounded.
Your transformation has ended.
Your +0 pair of gloves unmelds from your body.
Your +0 robe unmelds from your body.
Dowan smirks and points a slender finger.
Duvessa hits you with a +0 rapier!
Casting: Spider Form (dangerous; 9% risk of failure)
Confirm with . or Enter, or press ? or * to list all spells.
You miscast Spider Form.
You are very lightly contaminated with residual magic.
Nothing appears to happen.
Duvessa barely misses you.
The acid dragon roars!
Duvessa misses you.
The bullfrog skeleton closely misses you.
Duvessa says, "Where magic fails, the sword succeeds!"
Your magical contamination has completely faded away.
Dowan casts a spell.
Dowan blinks!
The acid dragon closely misses you.
The acid dragon claws you but does no damage.
The acid dragon spits acid at you. The splash of acid hits you!
The acid corrodes you!
You hear an angry growl.
You are no longer glowing.
The acid dragon spits acid at you. The splash of acid hits you!!
* * * LOW HITPOINT WARNING * * *
The acid corrodes you!
Found a robe.
Really walk into that teleport trap?
You enter a teleport trap!
The teleport trap disappears.
Your surroundings suddenly seem different.
An orc comes into view. It is wielding a staff of fire.
Found a pair of gloves and a +0 dagger.
The orc shouts!
The orc priest shouts!
The orc throws a stone.
The stone barely misses you.
The orc priest invokes the aid of Beogh against you.
Beogh smites you!
You die...

###############.# #
###...)..†....#...#.#
#...#########.#.#.#.####
#.....o....o............
###
#...#########.###.######
###.###...#######
#.#..<......
#......O..#.....#
#.##)#######
#...####.##.....#
#.#.....)..< #...#
#.##.[@..# #.##########
#...# #.##.....# #..
###O####>....o.o.....
#..................
####...##.....###..
.#.#####... . .. .# ...#
..# .# o#.# ..# o. #..


You could see an orc priest and 2 orcs.

Vanquished Creatures
  A necrophage (D:4)
  3 black bears
  2 ogres (D:5)
  A hound (D:5)
  An orc priest (D:5)
  2 iguanas (D:4)
  An orc wizard (D:3)
  6 gnolls
  3 adders
  2 dart slugs
  6 orcs
  3 bats
  5 endoplasms
  5 giant cockroaches
  10 goblins
  11 hobgoblins
  4 jackals (D:1)
  10 kobolds
  4 quokkas
  6 ball pythons
  3 frilled lizards (D:1)
  6 rats
95 creatures vanquished.

Notes
Turn   | Place    | Note
-------+----------+-------------------------------------------
     0 | D:1      | fragbeetle the Merfolk Transmuter began the quest for the
                  | Orb.
     0 | D:1      | Reached XP level 1. HP: 15/15 MP: 3/3
   145 | D:1      | Reached XP level 2. HP: 21/21 MP: 3/5
   251 | D:1      | Found a faded altar of an unknown god.
   572 | D:1      | Reached XP level 3. HP: 14/26 MP: 4/6
   717 | D:1      | Learned a level 3 spell: Spider Form
   773 | D:1      | HP: 1/26 [poisoned by a goblin]
  1467 | D:1      | Found Ippoemputt's Weapon Shop.
  1962 | D:2      | Found a shimmering altar of Xom.
  2078 | D:2      | Reached skill level 1 in Poison Magic
  2319 | D:2      | Reached XP level 4. HP: 32/32 MP: 5/7
  2548 | D:3      | Found a bloodstained altar of Trog.
  2548 | D:3      | Found an ornate altar of the Wu Jian Council.
  2549 | D:3      | Found a shimmering blue altar of Sif Muna.
  2993 | D:3      | Noticed a black bear
  3067 | D:4      | Reached XP level 5. HP: 37/37 MP: 3/8
  3147 | D:3      | Killed a black bear
  3148 | D:3      | Reached skill level 5 in Unarmed Combat
  3148 | D:3      | Reached skill level 5 in Transmutations
  3228 | D:3      | Reached XP level 6. HP: 44/44 MP: 4/9
  3253 | D:3      | Learned a level 4 spell: Ice Form
  3641 | D:4      | Found a sacrificial altar of Ru.
  4477 | D:5      | Entered Level 5 of the Dungeon
  4497 | D:5      | Noticed an acid dragon
  4531 | D:5      | Noticed a black bear
  4533 | D:5      | Found a snail-covered altar of Cheibriados.
  4763 | D:5      | Noticed a black bear
  4769 | D:5      | Noticed a black bear
  4781 | D:5      | Reached XP level 7. HP: 30/51 MP: 7/10
  5136 | D:5      | Reached XP level 8. HP: 52/60 MP: 7/11
  5147 | D:5      | Noticed Duvessa
  5150 | D:5      | Noticed Dowan
  5200 | D:5      | HP: 3/60 [acid dragon/splash of acid (21)]
  5202 | D:5      | Killed from afar by an orc priest

Illustrated notes

Levels and vault maps discovered:
D:1:      psy_arrival_terrarium, layout_basic,
          hellmonk_ecumenical_altar_blasted, serial_shops,
          nicolae_lakefront_shop
D:2:      layout_rooms, basic_altar, glass_columns_b
D:3:      layout_loops_ring, gammafunk_temple_overflow_claw, st_stairs_14
D:4:      layout_basic, nicolae_ru_awakened_eye
D:5:      layout_basic, lemuel_tele_altar, cheibrodos_sewer_entry_bend,
          minmay_misc_feat_x, minmay_manual_moon, uniq_duvessa

Skill      XL: |  1  2  3  4  5  6  7 |
---------------+----------------------+-----
Transmutations | 3 4 5 6 |  6.7
Unarmed Combat | 4 5 6 |  6.1
Poison Magic   | 1 2 3 4 |  4.4
Fighting       | 2 3 |  3.9
Dodging        | |  2.6
Spellcasting   | |  2.0

Action                   |  1- 3 |  4- 6 |  7- 9 || total
-------------------------+-------+-------+-------++-------
Melee: Unarmed           |   147 |   150 |    35 ||   332
       Headbutt          |    16 |    11 |     1 ||    28
       Punch             |     1 |       |     1 ||     2
Throw: Stone             |       |     2 |       ||     2
 Cast: Beastly Appendage |    26 |    22 |     1 ||    49
       Spider Form       |       |    11 |     4 ||    15
Armor: Robe              |    52 |    35 |     6 ||    93
       Skin              |       |     7 |     3 ||    10
Dodge: Dodged            |    97 |    99 |    37 ||   233

Table legend: (Time is in decaauts)
 A = Elapsed time spent in this place.
 B = Non-inter-level travel time spent in this place.
 C = Inter-level travel time spent in this place.
 D = Time resting spent in this place.
 E = Time spent auto-exploring this place.
 F = Levels seen in this place.
 G = Mean time per level.
                   A        B        C        D        E       F      G
               +--------+--------+--------+--------+--------+-----+--------+
         Total |   5177 |   5005 |    172 |   1050 |   2496 |   5 | 1035.4 |
       Dungeon |   5177 |   5005 |    172 |   1050 |   2496 |   5 | 1035.4 |
               +--------+--------+--------+--------+--------+-----+--------+

Top non-repeatable levels by time:
     D:1: 1723 daAuts
     D:4: 1323 daAuts
     D:3: 1190 daAuts
     D:2: 656 daAuts
     D:5: 283 daAuts
